 Dungeon Crawl Stone Soup version 0.28-b1-25-g9875b3fc8c (webtiles) character file.

Game seed: 759162458620655426

15269 sanka the Nimble (level 12, -11/77 HPs)
             Began as a Tengu Enchanter on Feb 5, 2022.
             Was a Priest of Vehumet.
             Mangled by a catoblepas (25 damage)
             ... on level 2 of the Lair of Beasts.
             The game lasted 00:25:38 (16394 turns).

sanka the Nimble (Tengu Enchanter)                 Turns: 16394, Time: 00:25:40

Health: -11/77     AC:  7    Str: 15    XL:     12   Next: 25%
Magic:  3/22       EV: 22    Int: 19    God:    Vehumet [***...]
Gold:   462        SH:  0    Dex: 16    Spells: 16/23 levels left

rFire   + . .      SeeInvis .   d - +2 whip (distort)
rCold   . . .      Faith    .   (no shield)
rNeg    + . .      Spirit   .   z - +2 leather armour {rN+}
rPois   +          Reflect  .   A - +0 hat
rElec   .          Harm     .   n - +1 cloak {rPois}
rCorr   .          Rampage  .   (no gloves)
Will    .....                   (boots unavailable)
Stlth   ++........              i - amulet of regeneration
HPRegen 1.02/turn               k - +6 ring of strength
MPRegen 0.18/turn               y - ring of protection from fire

@: flying quickly and evasively, slowed, very slow
A: beak, talons 3, nimble flight
a: Renounce Religion


You were on level 2 of the Lair of Beasts.
You worshipped Vehumet.
Vehumet was most pleased with you.
You visited 3 branches of the dungeon, and saw 14 of its levels.

You collected 644 gold pieces.
You spent 182 gold pieces at shops.

Inventory:

Hand Weapons
 a - a +1 dagger
 d - a +2 whip of distortion (weapon)
 J - a +0 dagger of electrocution
Missiles
 h - 5 silver javelins
 K - 2 curare-tipped darts
Armour
 n - a +1 cloak of poison resistance (worn)
 z - a +2 leather armour of positive energy (worn)
 A - a +0 hat (worn)
Magical Staves
 G - a staff of earth
Jewellery
 e - an amulet of the acrobat
 i - an amulet of regeneration (around neck)
 k - a +6 ring of strength (left hand)
 x - a ring of wizardry
 y - a ring of protection from fire (right hand)
 D - a ring of ice
 I - a +6 ring of strength
Wands
 g - a wand of iceblast (8)
 C - a wand of digging (6)
 F - a wand of flame (6)
Scrolls
 l - 3 scrolls of holy word
 m - 3 scrolls of fear
 o - 2 scrolls of immolation
 q - 3 scrolls of blinking
 r - 9 scrolls of teleportation
 u - 5 scrolls of identify
 E - a scroll of magic mapping
 H - a scroll of amnesia
 L - a scroll of enchant armour {unknown}
 M - a scroll of fog
Potions
 b - a potion of ambrosia {unknown}
 c - 3 potions of invisibility
 f - 8 potions of curing
 j - 4 potions of attraction {unknown}
 p - 4 potions of flight {unknown}
 s - a potion of brilliance {unknown}
 t - 3 potions of heal wounds {unknown}
 v - a potion of degeneration {unknown}
 w - 2 potions of mutation
 B - a potion of haste {unknown}


   Skills:
 - Level 10.0 Fighting
 - Level 1.1 Short Blades
 + Level 13.3 Dodging
 - Level 3.0 Stealth
 - Level 6.0 Spellcasting
 - Level 12.0 Conjurations
 - Level 2.1 Hexes
 - Level 3.0 Earth Magic


You had 16 spell levels left.
You knew the following spells:

 Your Spells              Type           Power      Damage    Failure   Level
a - Stone Arrow           Conj/Erth      68%        3d11      1%          3
b - Passwall              Tmut/Erth      9%         N/A       11%         2
c - Static Discharge      Conj/Air       28%        N/A       1%          2

Your spell library contained the following spells:

 Spells                   Type           Power      Damage    Failure   Level
 Frozen Ramparts          Ice            10%        1d3       11%         3
 Sandblast                Erth           34%        2d9       1%          1
 Shock                    Conj/Air       100%       1d9       1%          1
 Dazzling Flash           Conj/Hex       64%        N/A       1%          3
 Slow                     Hex            56%        N/A       5%          1
 Ensorcelled Hibernation  Hex/Ice        18%        N/A       13%         2
 Summon Small Mammal      Summ           20%        N/A       14%         1
 Confusing Touch          Hex            14%        N/A       17%         3
 Tukima's Dance           Hex            14%        N/A       17%         3
 Portal Projectile        Hex/Tloc       18%        N/A       26%         3
 Summon Guardian Golem    Hex/Summ       9%         N/A       26%         3
 Airstrike                Air            2%         N/A       32%         4
 Call Canine Familiar     Summ           5%         N/A       38%         3
 Swiftness                Air            5%         N/A       38%         3
 Vampiric Draining        Necr           5%         2d6       38%         3
 Leda's Liquefaction      Hex/Erth       7%         N/A       43%         4
 Passage of Golubria      Tloc           5%         N/A       80%         4
 Silence                  Hex/Air        4%         N/A       94%         5
 Summon Mana Viper        Hex/Summ       9%         N/A       94%         5
 Summon Forest            Summ/Tloc      2%         N/A       98%         5
 Summon Cactus Giant      Summ           2%         N/A       100%        6
 Lehudib's Crystal Spear  Conj/Erth      17%        10d5      100%        8


Dungeon Overview and Level Annotations

Branches:
Dungeon (11/15)            Temple (1/1) D:5            Lair (2/6) D:9
    Orc (0/2) D:9
  Swamp: Lair:2-4    Shoals: Lair:2-4     Snake: Lair:2-4    Spider: Lair:2-4

Altars:
Ashenzari
Cheibriados
Dithmenos
Elyvilon
Fedhas
Gozag
Hepliaklqana
Kikubaaqudgha
Makhleb
Nemelex Xobeh
Okawaru
Qazlal
Ru
Sif Muna
Trog
Uskayaw
Vehumet
Wu Jian
Xom
Yredelemnul
Zin
The Shining One

Shops:
D:5 [   D:6 [   D:10 ![[   D:11 *

Portals:
Trove: D:11 (give 4 scrolls of fear)


Innate Abilities, Weirdness & Mutations

You have a beak for a mouth.
You have claws for feet.
Your magical nature lets you fly swiftly and evasively.


Message History

Unknown command.
Unknown command.
Unknown command.
Unknown command.
The stone arrow hits the catoblepas!!
The catoblepas is moderately wounded.
You hear an angry buzzing noise. x3
The catoblepas completely misses you. The catoblepas gores you!
Unknown command.
Unknown command.
The stone arrow hits the catoblepas!
The catoblepas is heavily wounded.
The catoblepas gores you.
You are too injured to fight recklessly!
Casting: Stone Arrow (safe; 1% risk of failure)
Confirm with . or Enter, or press ? or * to list all spells.
Aiming: Stone Arrow (safe; 1% risk of failure)
Press: ? - help, Shift-Dir - straight line, f/p - catoblepas
Aim: a catoblepas (heavily wounded, 100% to hit)
The stone arrow hits the catoblepas.
The catoblepas is heavily wounded.
The catoblepas closely misses you. The catoblepas barely misses you.
Unknown command.
Casting: Stone Arrow (safe; 1% risk of failure)
Confirm with . or Enter, or press ? or * to list all spells.
You don't have enough magic to cast this spell.
The catoblepas gores you!!
* * * LOW HITPOINT WARNING * * *
Unknown command.
The catoblepas breathes a plume of calcifying dust at you.
The blast of calcifying dust hits you.
* * * LOW HITPOINT WARNING * * *
Unknown command.
It was a potion of mutation.
You feel extremely strange.
You lose the ability to read scrolls when threatened.
You can once more read scrolls while threatened.
The catoblepas misses you.
The torpor snail is engulfed in calcifying dust.
The torpor snail is moving more slowly.
The catoblepas gores you!!
You die...

......... ##......###
....=...# ##......#
........# #.#.....##
........## ###......#
........P### ##....##
........PP.### ##..##
.............####§§P#
...........Y###w§...#
.............S§Y@...#
..........#######..##
..........# ####
........Y.#
..........#
.........# ........#
.......


You could see a catoblepas, a torpor snail (petrifying), a yak and a water
moccasin.

Vanquished Creatures
  2 hydras
  4 two-headed ogres
  A cyclops (D:11)
  A centaur zombie (D:10)
  A cane toad (Lair:1)
  A komodo dragon (D:10)
  2 kobold demonologists (D:11)
  An unseen horror (D:10)
  A troll (D:11)
  A polar bear (Lair:1)
  Prince Ribbit (Lair:1)
  10 blink frogs
  Sigmund (D:5)
  A wyvern (D:8)
  12 yaks
  2 water moccasins
  2 acid dragons (D:11)
  2 sky beasts
  A hornet zombie (D:8)
  4 orc warriors
  A black bear (D:5)
  5 wolves (Lair:1)
  3 ogres
  3 centaurs
  6 kobold brigands
  A phantom (D:6)
  6 bullfrogs
  A scorpion (D:5)
  11 killer bees
  8 wights
  4 howler monkeys
  A bullfrog skeleton (D:7)
  A jelly (D:4)
  6 orc priests
  2 centaur skeletons
  6 orc wizards
  An iguana (D:6)
  A howler monkey zombie (D:9)
  9 gnolls
  5 adders
  3 shadow imps
  An adder skeleton (D:4)
  3 worms
  A dart slug (D:5)
  28 orcs
  5 ball pythons
  6 bats
  5 endoplasms
  4 giant cockroaches
  7 goblins
  10 hobgoblins
  10 jackals
  A quokka (D:1)
  3 frilled lizards (D:3)
  22 kobolds
  6 rats
247 creatures vanquished.

Vanquished Creatures (others)
  2 fungi (Lair:1)
  6 plants
8 creatures vanquished.

Grand Total: 255 creatures vanquished

Notes
Turn   | Place    | Note
-------+----------+-------------------------------------------
     0 | D:1      | sanka the Tengu Enchanter began the quest for the Orb.
     0 | D:1      | Reached XP level 1. HP: 10/10 MP: 4/4
   266 | D:1      | Reached skill level 1 in Fighting
   266 | D:1      | Reached XP level 2. HP: 5/16 MP: 6/6
   799 | D:1      | Reached skill level 3 in Dodging
   806 | D:1      | Reached XP level 3. HP: 18/20 MP: 7/7
   857 | D:1      | Found a faded altar of an unknown god.
  1635 | D:2      | Reached XP level 4. HP: 18/27 MP: 8/8
  2481 | D:3      | Reached skill level 4 in Dodging
  2491 | D:3      | HP: 1/27 [orc (5)]
  2494 | D:3      | Gained mutation: Your magical nature lets you fly swiftly
                  | and evasively. [Tengu growth]
  2494 | D:3      | Reached XP level 5. HP: 10/32 MP: 9/9
  3672 | D:4      | Learned a level 3 spell: Stone Arrow
  4019 | D:4      | Reached XP level 6. HP: 29/38 MP: 10/10
  4307 | D:5      | Entered Level 5 of the Dungeon
  4313 | D:5      | Found Ynwielem's Antique Armour Shop.
  4332 | D:5      | Reached skill level 1 in Conjurations
  4594 | D:5      | Reached skill level 5 in Dodging
  4669 | D:5      | Reached skill level 1 in Earth Magic
  4820 | D:5      | Noticed a black bear
  4830 | D:5      | Killed a black bear
  4831 | D:5      | Reached XP level 7. HP: 42/43 MP: 1/11
  4941 | D:5      | Learned a level 2 spell: Passwall
  4952 | D:5      | Found a staircase to the Ecumenical Temple.
  5022 | Temple   | Entered the Ecumenical Temple
  5671 | Temple   | Became a worshipper of Vehumet
  5821 | D:5      | Reached skill level 5 in Conjurations
  5890 | D:5      | Noticed Sigmund
  5902 | D:5      | Killed Sigmund
  5903 | D:5      | Reached XP level 8. HP: 36/48 MP: 6/12
  6713 | D:6      | Found Idghes's Armour Shoppe.
  6928 | D:7      | Reached skill level 10 in Conjurations
  7007 | D:7      | Found the +8 orange crystal plate armour {Archmagi, Int+3
                  | Clar}
  7639 | D:7      | Reached * piety under Vehumet
  7639 | D:7      | Offered knowledge of Foxfire by Vehumet.
  7640 | D:7      | Reached XP level 9. HP: 52/52 MP: 3/14
  7924 | D:7      | Identified the +1 chain mail "Zaegeu" {Harm Regen+ Dex-3}
  9213 | D:7      | Reached skill level 6 in Dodging
  9309 | D:8      | Reached skill level 5 in Fighting
  9742 | D:8      | Reached ** piety under Vehumet
  9742 | D:8      | Offered knowledge of Static Discharge by Vehumet.
  9752 | D:8      | Learned a level 2 spell: Static Discharge
  9815 | D:8      | Reached skill level 5 in Spellcasting
 10536 | D:9      | Found a staircase to the Orcish Mines.
 10553 | D:9      | Reached XP level 10. HP: 59/59 MP: 5/20
 10771 | D:9      | Noticed a fire dragon
 10974 | D:9      | Found a staircase to the Lair.
 11393 | D:10     | Entered Level 10 of the Dungeon
 11521 | D:10     | Reached skill level 7 in Dodging
 11545 | D:10     | Noticed a two-headed ogre
 11563 | D:10     | Killed a two-headed ogre
 11779 | D:10     | Found Yjaes's Distillery.
 12058 | D:10     | Noticed a two-headed ogre
 12066 | D:10     | Killed a two-headed ogre
 12067 | D:10     | Reached skill level 8 in Dodging
 12154 | D:10     | Offered knowledge of Poisonous Vapours by Vehumet.
 12307 | D:10     | Found Huabuor's Armour Boutique.
 12360 | D:10     | Found Ytrie's Antique Armour Boutique.
 12551 | D:10     | Bought a fading leather armour for 182 gold pieces
 12551 | D:10     | Identified the +1 leather armour of the Lair of Beasts
                  | {*Slow rPois Regen+ SInv} (You bought it in a shop on level
                  | 10 of the Dungeon)
 12754 | D:10     | Found an ancient bone altar of Kikubaaqudgha.
 12805 | D:10     | Killed an unseen horror
 13010 | D:11     | Noticed a two-headed ogre
 13015 | D:11     | Killed a two-headed ogre
 13016 | D:11     | Reached skill level 9 in Dodging
 13016 | D:11     | Reached XP level 11. HP: 68/68 MP: 8/21
 13261 | D:11     | Noticed a cyclops
 13267 | D:11     | Killed a cyclops
 13268 | D:11     | Reached skill level 10 in Dodging
 13405 | D:11     | Reached *** piety under Vehumet
 13679 | D:11     | Noticed a two-headed ogre
 13694 | D:10     | Killed a two-headed ogre
 13948 | D:11     | Noticed a five-headed hydra
 13956 | D:11     | Killed a five-headed hydra
 13957 | D:11     | Reached skill level 11 in Dodging
 14039 | D:11     | Found a hide-covered altar of Uskayaw.
 14093 | D:11     | Found Zuofooph's General Store.
 14438 | D:11     | Found a portal to a secret trove of treasure.
 14733 | Lair:1   | Entered Level 1 of the Lair of Beasts
 14825 | Lair:1   | Offered knowledge of Frozen Ramparts by Vehumet.
 14934 | Lair:1   | Identified the +7 hand axe of Stickiness {distort, rF+}
 15455 | Lair:1   | Reached skill level 10 in Fighting
 15537 | Lair:1   | Reached skill level 12 in Dodging
 15624 | Lair:1   | Reached XP level 12. HP: 77/77 MP: 15/22
 15921 | Lair:1   | Noticed a six-headed hydra
 15927 | Lair:1   | Killed a six-headed hydra
 16164 | Lair:2   | Noticed Prince Ribbit
 16187 | Lair:1   | Killed Prince Ribbit
 16188 | Lair:1   | Reached skill level 13 in Dodging
 16367 | Lair:2   | Noticed a catoblepas
 16394 | Lair:2   | Gained mutation: You sometimes lose the ability to read
                  | scrolls when taking damage. [potion of mutation]
 16394 | Lair:2   | Lost mutation: You sometimes lose the ability to read
                  | scrolls when taking damage. [potion of mutation]
 16394 | Lair:2   | Mangled by a catoblepas

Illustrated notes

Levels and vault maps discovered:
D:1:      lightli_arrival_windingriver, layout_basic,
          shapermc_ecumenical_altar_ellora, minmay_misc_feat_columns,
          corner_web_ring
D:2:      layout_loops_ring, kennysheep_generic_room_4
D:3:      layout_basic
D:4:      layout_basic
D:5:      layout_cave_pools, temple_doors_cd, serial_shops,
          nicolae_shop_hallway_plus, uniq_sigmund
D:6:      layout_basic, serial_shops, nicolae_shop_behind_doors
D:7:      layout_layer_cave
D:8:      layout_loops_ring, minmay_stone_trees_medium
D:9:      layout_small_grid, minmay_lair_entry_lava, orc_0_dummy
D:10:     layout_basic, lemuel_doored_altar, serial_shops, shop,
          nicolae_shop_hallway_plus, kennysheep_little_box
D:11:     layout_irregular_city, serial_shops, nicolae_shop_crystal,
          enter_trove_3, eat_drink_and_be_merry_uskayaw
Temple:   nicolae_temple_the_god_donut
Lair:1:   layout_gridlike, lemuel_fruit_tree, grunt_megastairs_4
Lair:2:   layout_gridlike, special_room [special_room_bee], minmay_holes,
          uniq_prince_ribbit2, uniq_maggie

Skill      XL: |  1  2  3  4  5  6  7  8  9 10 11 12 |
---------------+-------------------------------------+-----
Fighting       | 1 2 3 4 5 8 10 | 10.0
Dodging        | 3 4 5 6 9 12 13 | 13.3
Conjurations   | 3 6 10 12 | 12.0
Earth Magic    | 1 3 |  3.0
Spellcasting   | 6 |  6.0
Short Blades   | |  1.1
Stealth        | |  3.0
Hexes          | |  2.1

Action                   |  1- 3 |  4- 6 |  7- 9 | 10-12 || total
-------------------------+-------+-------+-------+-------++-------
Melee: Whip              |    69 |   137 |    80 |   142 ||   428
       Kick              |    10 |    28 |    17 |    40 ||    95
       Dagger            |     1 |       |       |       ||     1
       Peck              |     7 |    12 |    15 |    28 ||    62
       Punch             |     3 |     1 |       |     1 ||     5
Throw: Javelin           |       |     2 |       |       ||     2
 Cast: Stone Arrow       |       |     5 |   103 |   160 ||   268
       Static Discharge  |       |       |       |    16 ||    16
  Use: Potion            |       |     1 |     1 |     3 ||     5
       Scroll            |       |       |     5 |     5 ||    10
 Stab: Sleeping          |     5 |     8 |     3 |       ||    16
       Petrified         |       |       |       |     3 ||     3
Armor: Robe              |    10 |    20 |     4 |       ||    34
       Leather armour    |       |       |    22 |    44 ||    66
Dodge: Dodged            |    44 |   110 |   148 |   297 ||   599
